 Dungeon Crawl Stone Soup version 0.21.0-25-ge575cb9 (webtiles) character file.

8382 tidbits the Blocker (level 11, -5/89 HPs)
             Began as a Gnoll Fighter on Jan 24, 2018.
             Was a Believer of Cheibriados.
             Killed from afar by an orc sorcerer (36 damage)
             ... with a bolt of negative energy
             ... on level 2 of the Orcish Mines.
             The game lasted 00:36:07 (2968 turns).

tidbits the Blocker (Gnoll Fighter)                 Turns: 2968, Time: 00:36:08

Health: -5/89      AC:  7    Str: 22    XL:     11   Next: 30%
Magic:  18/20      EV: 20    Int: 18    God:    Cheibriados [**....]
Gold:   683        SH: 12    Dex: 19    Spells: 19/22 levels left

rFire    . . .     SeeInvis .   b - +0 war axe (flame)
rCold    . . .     Gourm    .   D - +0 shield
rNeg     . . .     Faith    .   B - +0 troll leather armour
rPois    .         Spirit   .   E - +1 helmet
rElec    .         Reflect  .   (no cloak)
rCorr    .         Harm     .   (no gloves)
MR       .....                  (no boots)
Stlth    +++.......             (no amulet)
HPRegen  0.64/turn              V - +6 ring of evasion
MPRegen  0.17/turn              (no ring)

@: drained, very slow
A: distributed training, fangs 1, strong nose
a: Bend Time, Renounce Religion


You were on level 2 of the Orcish Mines.
You worshipped Cheibriados.
Cheibriados was pleased with you.
You were not hungry.

You visited 3 branches of the dungeon, and saw 14 of its levels.

You collected 683 gold pieces.

Inventory:

Hand Weapons
 a - a +5 flail
 b - a +0 war axe of flaming (weapon)
 e - a +0 scythe
 g - a +0 blowgun
 k - a +0 dagger
 l - a +0 hunting sling
 y - a cursed +3 great sword
 z - a +0 great sword of flaming
   (You found it on level 3 of the Dungeon)
 A - a +2 battleaxe
 C - a +0 shortbow
 J - a +1 dagger of distortion
   (You took it off an orc wizard on level 1 of the Orcish Mines)
Missiles
 d - 4 stones (quivered)
 j - 2 curare-tipped needles
 o - 50 arrows
 q - 16 poisoned needles
Armour
 m - a +2 robe of magic resistance
   (You took it off Psyche on level 8 of the Dungeon)
 B - a +0 troll leather armour (worn)
 D - a +0 shield (worn)
 E - a +1 helmet (worn)
 H - a +0 scale mail
Jewellery
 F - an uncursed ring of teleportation
   (You found it on level 9 of the Dungeon)
 V - a +6 ring of evasion (left hand)
   (You found it on level 3 of the Dungeon)
Wands
 p - a wand of flame (2)
 x - a wand of enslavement (2)
Scrolls
 i - 2 scrolls of identify
 n - a scroll of fog
 r - a scroll of remove curse
 t - a scroll of immolation
 u - 2 scrolls of blinking
 G - a scroll of brand weapon
 I - 3 scrolls of amnesia
Potions
 f - 2 potions of brilliance
 h - 2 potions of flight
 v - 2 potions of curing
Books
 w - Konean's Compendium of Floating Protection
   (You found it on level 7 of the Dungeon)

   Spells                             Type                      Level
   a - Ozocubu's Armour               Charms/Ice                   3
   b - Summon Lightning Spire         Summoning/Air                4
   c - Silence                        Hexes/Air                    5
   d - Freezing Cloud                 Conjuration/Ice/Air          6
Comestibles
 c - 5 rations


   Skills:
 + Level 9.0(8.2) Fighting
 + Level 6.0(5.3) Short Blades
 + Level 6.0(5.3) Long Blades
 + Level 7.7(6.9) Axes
 + Level 6.0(5.3) Maces & Flails
 + Level 6.0(5.3) Polearms
 + Level 6.0(5.3) Staves
 + Level 6.0(5.3) Slings
 + Level 6.0(5.3) Bows
 + Level 6.0(5.3) Crossbows
 + Level 6.0(5.3) Throwing
 + Level 9.0(8.2) Armour
 + Level 6.0(5.3) Dodging
 + Level 6.0(5.3) Stealth
 + Level 9.0(8.2) Shields
 + Level 6.0(5.3) Unarmed Combat
 + Level 6.0(5.3) Spellcasting
 + Level 5.0(4.3) Conjurations
 + Level 5.0(4.3) Hexes
 + Level 5.0(4.3) Charms
 + Level 5.0(4.3) Summonings
 + Level 5.0(4.3) Necromancy
 + Level 5.0(4.3) Translocations
 + Level 5.0(4.3) Transmutations
 + Level 5.0(4.3) Fire Magic
 + Level 5.0(4.3) Ice Magic
 + Level 5.0(4.3) Air Magic
 + Level 5.0(4.3) Earth Magic
 + Level 5.0(4.3) Poison Magic
 + Level 6.6(5.9) Invocations
 + Level 6.0(5.3) Evocations


You had 19 spell levels left.
You knew the following spells:

 Your Spells              Type           Power        Failure   Level  Hunger
o - Ozocubu's Armour      Chrm/Ice       ###.....     17%         3    ##.....


Dungeon Overview and Level Annotations

Branches:
Dungeon (11/15)            Temple (1/1) D:6            Lair (0/6) D:10
    Orc (2/2) D:9
    Elf: Orc:2

Altars:
Cheibriados
Gozag
Hepliaklqana
Kikubaaqudgha
Makhleb
Okawaru
Qazlal
Ru
Trog
Uskayaw
Vehumet
Wu Jian
Xom
Yredelemnul
The Shining One

Shops:
Orc:2 *


Innate Abilities, Weirdness & Mutations

Your experience applies equally to all skills.
You have very sharp teeth.
Your uncanny sense of smell can sniff out nearby items.


Message History

You kill the orc priest!
Cheibriados appreciates the change of pace.
You hit the orc but do no damage. The orc closely misses you.
You slash the orc warrior! You burn the orc warrior.
The orc warrior is severely wounded.
You hit the orc. You burn the orc. The orc misses you.
The orc warrior hits you but does no damage.
You slash the orc warrior! You burn the orc warrior.
You kill the orc warrior!
Cheibriados appreciates the change of pace.
You hit the orc. You burn the orc. You block the orc's attack.
You hit the orc but do no damage.
The orc is heavily wounded.
The orc misses you.
You hit the orc. You burn the orc. You bite the orc, but do no damage.
The orc is almost dead.
The orc completely misses you. You block the orc's attack.
You slash the orc! You burn the orc.
You kill the orc!
Cheibriados thoroughly appreciates the change of pace.
Items here: ) [ †† a mace; a plate armour; an orc corpse x2
Items here: $ ) [ † a ring mail; a club; 32 gold pieces; an orc corpse You now have 657 gold pieces (gained 32).
You see here 26 gold pieces.
You now have 683 gold pieces (gained 26).
There is a stone staircase leading down here.
You climb downwards.
A warg, 3 orc warriors and an orc knight come into view.
The orc warrior shouts!
The warg howls!
You hear a shout! x3
Found Najogi's General Store.
There is a stone staircase leading up here.
A warg and an orc sorcerer come into view.
The orc warrior shouts!
The orc knight roars a battlecry!
The orcs go into a battle-frenzy!
You hear a shout!
Unknown command.
You closely miss the warg. You block the warg's attack.
The orc knight roars a battlecry!
The orc warrior hits you with a hand axe!!
Unknown command.
The flow of time bends around you.
Cheibriados rebukes the warg.
The warg seems to slow down.
Cheibriados rebukes the orc warrior.
The orc warrior seems to slow down.
Cheibriados rebukes the warg.
The warg seems to slow down.
You feel slightly more hungry. You block the warg's attack.
The warg misses you.
The orc sorcerer mumbles some strange words.
Unknown command.
Evoke which item? (* to show all) (? for menu, Esc to quit)
Aiming: Corrosive Bolt
Press: ? - help, Shift-Dir - straight line The bolt of acid hits the warg.
The warg is splashed with acid.
The warg is heavily wounded.
The bolt of acid hits the orc sorcerer.
The orc sorcerer is splashed with acid.
The acid corrodes the orc sorcerer!
The orc sorcerer is heavily wounded.
The bolt of acid misses the orc knight.
The now-empty wand crumbles to dust.
The warg closely misses you. The orc warrior barely misses you.
The orc warrior hits you with a short sword!!
* * * LOW HITPOINT WARNING * * *
Unknown command.
Evoke which item? (* to show all) (? for menu, Esc to quit)
Aiming: Enslavement
Press: ? - help, Shift-Dir - straight line The warg resists with some effort.
You block the warg's attack. The warg barely misses you.
The orc sorcerer mumbles some strange words.
The red devil closely misses you.
Unknown command.
Evoke which item? (* to show all) (? for menu, Esc to quit)
Aiming: Enslavement
Press: ? - help, Shift-Dir - straight line The orc knight resists with some effort.
The warg misses you. You block the warg's attack.
You block the red devil's attack.
An orc comes into view. It is wielding a short sword.
Evoke which item? (* to show all) (? for menu, Esc to quit)
Aiming: Enslavement
Press: ? - help, Shift-Dir - straight line The orc knight resists with some effort.
You block the orc warrior's attack. You block the warg's attack.
The orc knight closely misses you. The orc sorcerer barely misses you.
You block the warg's attack.
Unknown command.
Evoke which item? (* to show all) (? for menu, Esc to quit)
Aiming: Enslavement
Press: ? - help, Shift-Dir - straight line The orc knight resists with some effort.
The red devil hits you from afar with a trident!
* * * LOW HITPOINT WARNING * * *
The orc warrior closely misses you. You block the orc warrior's attack.
You block the warg's attack.
The orc sorcerer gestures at you while chanting.
The bolt of negative energy hits you!
You feel drained.
You die...

## ..## ##...#
###....##
#.......# .##
##<.......
.....#o........
...P...o@o......
PP.o.P4hoh......
......4oP...##..
...........## .
8..∩...P....
.o........###
P.........#
PP..P.....


You could see an orc knight, a rust devil, 2 wargs, an orc sorcerer, a red
devil, 4 orc warriors and an orc.

Vanquished Creatures
  3 two-headed ogres
  Psyche (D:8)
  A troll (D:10)
  2 hippogriffs (D:9)
  Sigmund (D:2)
  7 humans (D:8)
  6 yaks (D:8)
  A warg (Orc:1)
  7 orc warriors
  A black bear (D:8)
  A phantom (D:8)
  4 ogres
  4 killer bees (D:9)
  4 centaurs
  2 bullfrogs
  4 scorpions
  10 wights (D:8)
  2 howler monkeys
  2 crimson imps
  2 jellies
  A centaur zombie (D:7)
  3 hounds (D:8)
  9 orc priests
  3 orc wizards (D:8)
  A centaur skeleton (D:10)
  2 worker ants
  3 hound skeletons
  10 adders
  A shadow imp (D:7)
  An adder skeleton (D:4)
  A worm (D:2)
  3 dart slugs
  3 leopard geckos
  34 orcs
  4 giant cockroaches
  2 goblins (D:3)
  5 hobgoblins
  17 jackals
  4 quokkas
  A ball python (D:4)
  A bat (D:3)
  2 frilled lizards
  A giant cockroach zombie (D:5)
  4 kobolds
  A leopard gecko skeleton (D:8)
  8 rats
190 creatures vanquished.

Vanquished Creatures (collateral kills)
  An orc warrior (Orc:1)
  A phantom (D:9)
  4 orc priests (Orc:1)
  2 orc wizards (Orc:1)
8 creatures vanquished.

Vanquished Creatures (others)
  A killer bee (D:9)
1 creature vanquished.

Grand Total: 199 creatures vanquished

Notes
Turn   | Place    | Note
-------+----------+-------------------------------------------
     0 | D:1      | tidbits the Gnoll Fighter began the quest for the Orb.
     0 | D:1      | Reached XP level 1. HP: 23/23 MP: 1/1
    43 | D:2      | Noticed Sigmund
    58 | D:2      | Killed Sigmund
    58 | D:2      | Reached skill level 1 in Short Blades
    58 | D:2      | Reached skill level 1 in Long Blades
    58 | D:2      | Reached skill level 1 in Maces & Flails
    58 | D:2      | Reached skill level 1 in Polearms
    58 | D:2      | Reached skill level 1 in Staves
    58 | D:2      | Reached skill level 1 in Slings
    58 | D:2      | Reached skill level 1 in Bows
    58 | D:2      | Reached skill level 1 in Crossbows
    58 | D:2      | Reached skill level 1 in Throwing
    58 | D:2      | Reached skill level 1 in Dodging
    58 | D:2      | Reached skill level 1 in Stealth
    58 | D:2      | Reached skill level 1 in Unarmed Combat
    58 | D:2      | Reached skill level 1 in Spellcasting
    58 | D:2      | Reached skill level 1 in Conjurations
    58 | D:2      | Reached skill level 1 in Hexes
    58 | D:2      | Reached skill level 1 in Charms
    58 | D:2      | Reached skill level 1 in Summonings
    58 | D:2      | Reached skill level 1 in Necromancy
    58 | D:2      | Reached skill level 1 in Translocations
    58 | D:2      | Reached skill level 1 in Transmutations
    58 | D:2      | Reached skill level 1 in Fire Magic
    58 | D:2      | Reached skill level 1 in Ice Magic
    58 | D:2      | Reached skill level 1 in Air Magic
    58 | D:2      | Reached skill level 1 in Earth Magic
    58 | D:2      | Reached skill level 1 in Poison Magic
    58 | D:2      | Reached skill level 1 in Invocations
    58 | D:2      | Reached skill level 1 in Evocations
    58 | D:2      | Reached XP level 2. HP: 5/29 MP: 1/3
    58 | D:2      | Reached XP level 3. HP: 6/35 MP: 1/4
    58 | D:2      | Reached XP level 4. HP: 7/41 MP: 1/5
    58 | D:2      | Reached XP level 5. HP: 8/47 MP: 1/6
   583 | D:3      | Reached XP level 6. HP: 40/53 MP: 8/8
   665 | D:5      | Entered Level 5 of the Dungeon
   686 | D:4      | Reached skill level 2 in Invocations
   777 | D:4      | Reached skill level 2 in Short Blades
   777 | D:4      | Reached skill level 2 in Long Blades
   777 | D:4      | Reached skill level 5 in Axes
   777 | D:4      | Reached skill level 2 in Maces & Flails
   777 | D:4      | Reached skill level 2 in Polearms
   777 | D:4      | Reached skill level 2 in Staves
   777 | D:4      | Reached skill level 2 in Slings
   777 | D:4      | Reached skill level 2 in Bows
   777 | D:4      | Reached skill level 2 in Crossbows
   777 | D:4      | Reached skill level 2 in Throwing
   777 | D:4      | Reached skill level 2 in Dodging
   777 | D:4      | Reached skill level 2 in Stealth
   777 | D:4      | Reached skill level 2 in Unarmed Combat
   777 | D:4      | Reached skill level 2 in Spellcasting
   777 | D:4      | Reached skill level 2 in Evocations
  1007 | D:5      | Reached XP level 7. HP: 55/59 MP: 10/10
  1014 | D:5      | Reached skill level 7 in Fighting
  1014 | D:5      | Reached skill level 7 in Armour
  1014 | D:5      | Reached skill level 7 in Shields
  1074 | D:6      | Found a glowing golden altar of the Shining One.
  1125 | D:6      | Reached skill level 2 in Conjurations
  1125 | D:6      | Reached skill level 2 in Hexes
  1125 | D:6      | Reached skill level 2 in Charms
  1125 | D:6      | Reached skill level 2 in Summonings
  1125 | D:6      | Reached skill level 2 in Necromancy
  1125 | D:6      | Reached skill level 2 in Translocations
  1125 | D:6      | Reached skill level 2 in Transmutations
  1125 | D:6      | Reached skill level 2 in Fire Magic
  1125 | D:6      | Reached skill level 2 in Ice Magic
  1125 | D:6      | Reached skill level 2 in Air Magic
  1125 | D:6      | Reached skill level 2 in Earth Magic
  1125 | D:6      | Reached skill level 2 in Poison Magic
  1220 | D:7      | Identified Konean's Compendium of Floating Protection
  1251 | D:6      | Found a staircase to the Ecumenical Temple.
  1256 | Temple   | Entered the Ecumenical Temple
  1295 | Temple   | Became a worshipper of Cheibriados the Contemplative
  1318 | D:7      | Reached skill level 3 in Invocations
  1384 | D:8      | Reached XP level 8. HP: 66/67 MP: 12/12
  1404 | D:8      | Reached skill level 3 in Short Blades
  1404 | D:8      | Reached skill level 3 in Long Blades
  1404 | D:8      | Reached skill level 3 in Maces & Flails
  1404 | D:8      | Reached skill level 3 in Polearms
  1404 | D:8      | Reached skill level 3 in Staves
  1404 | D:8      | Reached skill level 3 in Slings
  1404 | D:8      | Reached skill level 3 in Bows
  1404 | D:8      | Reached skill level 3 in Crossbows
  1404 | D:8      | Reached skill level 3 in Throwing
  1404 | D:8      | Reached skill level 3 in Dodging
  1404 | D:8      | Reached skill level 3 in Stealth
  1404 | D:8      | Reached skill level 3 in Unarmed Combat
  1404 | D:8      | Reached skill level 3 in Spellcasting
  1404 | D:8      | Reached skill level 3 in Evocations
  1499 | D:8      | Noticed Psyche
  1516 | D:8      | Killed Psyche
  1538 | D:8      | Found a stormy altar of Qazlal.
  1558 | D:8      | Reached skill level 4 in Invocations
  1561 | D:8      | Reached skill level 3 in Conjurations
  1561 | D:8      | Reached skill level 3 in Hexes
  1561 | D:8      | Reached skill level 3 in Charms
  1561 | D:8      | Reached skill level 3 in Summonings
  1561 | D:8      | Reached skill level 3 in Necromancy
  1561 | D:8      | Reached skill level 3 in Translocations
  1561 | D:8      | Reached skill level 3 in Transmutations
  1561 | D:8      | Reached skill level 3 in Fire Magic
  1561 | D:8      | Reached skill level 3 in Ice Magic
  1561 | D:8      | Reached skill level 3 in Air Magic
  1561 | D:8      | Reached skill level 3 in Earth Magic
  1561 | D:8      | Reached skill level 3 in Poison Magic
  1589 | D:8      | Reached XP level 9. HP: 34/72 MP: 8/14
  1590 | D:8      | Reached skill level 6 in Axes
  1649 | D:8      | Found a runed door.
  1674 | D:8      | Reached skill level 4 in Short Blades
  1674 | D:8      | Reached skill level 4 in Long Blades
  1674 | D:8      | Reached skill level 4 in Maces & Flails
  1674 | D:8      | Reached skill level 4 in Polearms
  1674 | D:8      | Reached skill level 4 in Staves
  1674 | D:8      | Reached skill level 4 in Slings
  1674 | D:8      | Reached skill level 4 in Bows
  1674 | D:8      | Reached skill level 4 in Crossbows
  1674 | D:8      | Reached skill level 4 in Throwing
  1674 | D:8      | Reached skill level 4 in Dodging
  1674 | D:8      | Reached skill level 4 in Stealth
  1674 | D:8      | Reached skill level 4 in Unarmed Combat
  1674 | D:8      | Reached skill level 4 in Spellcasting
  1674 | D:8      | Reached skill level 4 in Evocations
  1701 | D:8      | Reached skill level 8 in Fighting
  1701 | D:8      | Reached skill level 8 in Armour
  1701 | D:8      | Reached skill level 8 in Shields
  1718 | D:8      | Reached * piety under Cheibriados
  1718 | D:8      | Reached skill level 5 in Invocations
  1736 | D:8      | Reached XP level 10. HP: 29/80 MP: 11/17
  1739 | D:8      | Reached skill level 4 in Conjurations
  1739 | D:8      | Reached skill level 4 in Hexes
  1739 | D:8      | Reached skill level 4 in Charms
  1739 | D:8      | Reached skill level 4 in Summonings
  1739 | D:8      | Reached skill level 4 in Necromancy
  1739 | D:8      | Reached skill level 4 in Translocations
  1739 | D:8      | Reached skill level 4 in Transmutations
  1739 | D:8      | Reached skill level 4 in Fire Magic
  1739 | D:8      | Reached skill level 4 in Ice Magic
  1739 | D:8      | Reached skill level 4 in Air Magic
  1739 | D:8      | Reached skill level 4 in Earth Magic
  1739 | D:8      | Reached skill level 4 in Poison Magic
  1915 | D:8      | Noticed a two-headed ogre
  1930 | D:8      | Killed a two-headed ogre
  1930 | D:8      | Reached skill level 5 in Short Blades
  1930 | D:8      | Reached skill level 5 in Long Blades
  1930 | D:8      | Reached skill level 7 in Axes
  1930 | D:8      | Reached skill level 5 in Maces & Flails
  1930 | D:8      | Reached skill level 5 in Polearms
  1930 | D:8      | Reached skill level 5 in Staves
  1930 | D:8      | Reached skill level 5 in Slings
  1930 | D:8      | Reached skill level 5 in Bows
  1930 | D:8      | Reached skill level 5 in Crossbows
  1930 | D:8      | Reached skill level 5 in Throwing
  1930 | D:8      | Reached skill level 5 in Dodging
  1930 | D:8      | Reached skill level 5 in Stealth
  1930 | D:8      | Reached skill level 5 in Unarmed Combat
  1930 | D:8      | Reached skill level 5 in Spellcasting
  1930 | D:8      | Reached skill level 5 in Evocations
  2021 | D:10     | Entered Level 10 of the Dungeon
  2042 | D:9      | Noticed a two-headed ogre
  2055 | D:9      | Killed a two-headed ogre
  2055 | D:9      | Reached skill level 6 in Invocations
  2133 | D:7      | Found a hide-covered altar of Uskayaw.
  2144 | D:8      | Found a sacrificial altar of Ru.
  2222 | D:9      | Noticed a two-headed ogre
  2226 | D:9      | Killed a two-headed ogre
  2226 | D:9      | Reached XP level 11. HP: 42/87 MP: 19/19
  2342 | D:9      | Found a staircase to the Orcish Mines.
  2421 | D:9      | Found a burning altar of Makhleb.
  2519 | D:10     | Learned a level 3 spell: Ozocubu's Armour
  2727 | D:10     | Reached skill level 9 in Fighting
  2727 | D:10     | Reached skill level 9 in Armour
  2727 | D:10     | Reached skill level 9 in Shields
  2795 | Orc:1    | Entered Level 1 of the Orcish Mines
  2805 | Orc:1    | Reached skill level 6 in Short Blades
  2805 | Orc:1    | Reached skill level 6 in Long Blades
  2805 | Orc:1    | Reached skill level 6 in Maces & Flails
  2805 | Orc:1    | Reached skill level 6 in Polearms
  2805 | Orc:1    | Reached skill level 6 in Staves
  2805 | Orc:1    | Reached skill level 6 in Slings
  2805 | Orc:1    | Reached skill level 6 in Bows
  2805 | Orc:1    | Reached skill level 6 in Crossbows
  2805 | Orc:1    | Reached skill level 6 in Throwing
  2805 | Orc:1    | Reached skill level 6 in Dodging
  2805 | Orc:1    | Reached skill level 6 in Stealth
  2805 | Orc:1    | Reached skill level 6 in Unarmed Combat
  2805 | Orc:1    | Reached skill level 6 in Spellcasting
  2805 | Orc:1    | Reached skill level 6 in Evocations
  2875 | Orc:1    | Reached skill level 5 in Conjurations
  2875 | Orc:1    | Reached skill level 5 in Hexes
  2875 | Orc:1    | Reached skill level 5 in Charms
  2875 | Orc:1    | Reached skill level 5 in Summonings
  2875 | Orc:1    | Reached skill level 5 in Necromancy
  2875 | Orc:1    | Reached skill level 5 in Translocations
  2875 | Orc:1    | Reached skill level 5 in Transmutations
  2875 | Orc:1    | Reached skill level 5 in Fire Magic
  2875 | Orc:1    | Reached skill level 5 in Ice Magic
  2875 | Orc:1    | Reached skill level 5 in Air Magic
  2875 | Orc:1    | Reached skill level 5 in Earth Magic
  2875 | Orc:1    | Reached skill level 5 in Poison Magic
  2906 | Orc:1    | Reached ** piety under Cheibriados
  2959 | Orc:2    | Entered Level 2 of the Orcish Mines
  2959 | Orc:2    | Found Najogi's General Store.
  2959 | Orc:2    | Noticed an orc knight
  2960 | Orc:2    | Noticed an orc sorcerer
  2968 | Orc:2    | Killed from afar by an orc sorcerer

Skill      XL: |  1  2  3  4  5  6  7  8  9 10 11 |
---------------+----------------------------------+-----
Short Blades   | 1 2 3 4 5 6 |  6.0
Long Blades    | 1 2 3 4 5 6 |  6.0
Maces & Flails | 1 2 3 4 5 6 |  6.0
Polearms       | 1 2 3 4 5 6 |  6.0
Staves         | 1 2 3 4 5 6 |  6.0
Slings         | 1 2 3 4 5 6 |  6.0
Bows           | 1 2 3 4 5 6 |  6.0
Crossbows      | 1 2 3 4 5 6 |  6.0
Throwing       | 1 2 3 4 5 6 |  6.0
Dodging        | 1 2 3 4 5 6 |  6.0
Stealth        | 1 2 3 4 5 6 |  6.0
Unarmed Combat | 1 2 3 4 5 6 |  6.0
Spellcasting   | 1 2 3 4 5 6 |  6.0
Conjurations   | 1 2 3 4 5 |  5.0
Hexes          | 1 2 3 4 5 |  5.0
Charms         | 1 2 3 4 5 |  5.0
Summonings     | 1 2 3 4 5 |  5.0
Necromancy     | 1 2 3 4 5 |  5.0
Translocations | 1 2 3 4 5 |  5.0
Transmutations | 1 2 3 4 5 |  5.0
Fire Magic     | 1 2 3 4 5 |  5.0
Ice Magic      | 1 2 3 4 5 |  5.0
Air Magic      | 1 2 3 4 5 |  5.0
Earth Magic    | 1 2 3 4 5 |  5.0
Poison Magic   | 1 2 3 4 5 |  5.0
Invocations    | 1 2 3 4 5 6 |  6.6
Evocations     | 1 2 3 4 5 6 |  6.0
Axes           | 5 6 7 |  7.7
Fighting       | 7 8 9 |  9.0
Armour         | 7 8 9 |  9.0
Shields        | 7 8 9 |  9.0

Action                   |  1- 3 |  4- 6 |  7- 9 | 10-12 || total
-------------------------+-------+-------+-------+-------++-------
Melee: War axe           |     9 |   167 |    94 |    50 ||   320
       Bite              |       |    11 |    26 |    27 ||    64
       Dagger            |       |       |     3 |     2 ||     5
       Flail             |       |       |    72 |   172 ||   244
       Unarmed           |       |       |       |     2 ||     2
 Fire: Blowgun           |       |     2 |       |       ||     2
Throw: Stone             |       |       |       |     9 ||     9
Invok: Bend Time         |       |       |     7 |    18 ||    25
Evoke: Wand              |       |       |    13 |    33 ||    46
  Use: Potion            |     2 |     2 |     3 |     2 ||     9
       Scroll            |       |     4 |     7 |     5 ||    16
 Stab: Paralysed         |       |       |     3 |     3 ||     6
       Distracted        |       |       |       |     2 ||     2
       Sleeping          |       |       |       |     1 ||     1
       Betrayed ally     |       |       |       |     1 ||     1
  Eat: Ration            |       |     2 |       |     1 ||     3
Armor: Scale mail        |     3 |    70 |    42 |    27 ||   142
       Skin              |       |       |       |     6 ||     6
       Troll leather arm |       |       |       |     4 ||     4
Dodge: Dodged            |       |   102 |   104 |   155 ||   361
Block: Shield            |     5 |   121 |   112 |   148 ||   386

Table legend:
 A = Turns spent in this place as a percentage of turns spent in the entire game.
 B = Non-inter-level travel turns spent in this place as a percentage of non-inter-level travel turns spent in the entire game.
 C = Inter-level travel turns spent in this place as a percentage of turns spent in this place.
 D = Turns resting spent in this place as a percentage of non-inter-level travel turns spent in this place.
 E = Turns spent auto-exploring this place as a percentage of non-inter-level travel turns spent in this place.
 F = Non-inter-level travel turns spent in this place divided by the number of levels of this place that you've seen.
                   A       B       C       D       E      F
               +-------+-------+-------+-------+-------+----------------------
         Total | 100.0 | 100.0 |   1.8 |   0.0 |   0.0 | 208.3
       Dungeon |  92.4 |  92.7 |   1.5 |   0.0 |   0.0 | 245.6
        Temple |   1.8 |   1.4 |  22.6 |   0.0 |   0.0 |  41.0
  Orcish Mines |   5.8 |   5.9 |   0.0 |   0.0 |   0.0 |  86.5
               +-------+-------+-------+-------+-------+----------------------

Table legend:
 A = Kills in this place as a percentage of kills in entire the game.
 B = Kills by you in this place as a percentage of kills by you in the entire game.
 C = Kills by friends in this place as a percentage of kills by friends in the entire game.
 D = Other kills in this place as a percentage of other kills in the entire game.
 E = Experience gained in this place as a percentage of experience gained in the entire game.
 F = Experience gained in this place divided by the number of levels of this place that you have seen.
                   A       B       C       D       E      F
               +-------+-------+-------+-------+-------+----------------------
         Total | 100.0 | 100.0 | 100.0 |   N/A | 100.0 | 855.4
       Dungeon |  87.9 |  91.1 |  12.5 |   N/A |  91.6 | 997.2
  Orcish Mines |  12.1 |   8.9 |  87.5 |   N/A |   8.4 | 503.0
               +-------+-------+-------+-------+-------+----------------------

Vault maps used:
D:1:      lemuel_arrival_river_ford
D:2:      gammafunk_temple_overflow_statue, first_ration, uniq_sigmund
D:4:      uniq_natasha
D:5:      kennysheep_flooded_box, uniq_grinder
D:6:      overflow_temple_1_default, nicolae_overflow_quartered_altars,
          minmay_temple_entry_from_below_a
D:7:      lemuel_doored_altar, kennysheep_mini, roderic_cross_of_infinity,
          nemelex_diamond_rough_becter
D:8:      erik_cavepeople, old_standard_altar, old_standard_altar, uniq_psyche
D:9:      demons_altar, orc_0_dummy, minmay_misc_feat_pillars
D:10:     minmay_lair_entry_lava, hangedman_pestilent_swarm
D:11:     minmay_curly_fans, basic_altar
Temple:   zaba_magenta_temple
Orc:1:    basic_altar
Orc:2:    grunt_orc_gardens, grunt_orc_garden, grunt_orc_garden,
          grunt_orc_garden, grunt_orc_garden, serial_shops, shop,
          nicolae_shop_trees, shop, shop, shop, basic_altar
